 Dungeon Crawl Stone Soup version 0.25-a0-109-ge9c0e85935 (webtiles) character file.

Game seed: 8118664879141742059, levelgen mode: deterministic

29 vurker the Skirmisher (level 3, -1/30 HPs)
             Began as a Formicid Abyssal Knight on Nov 18, 2019.
             Was a Follower of Lugonu.
             Slain by an orc wizard
             ... wielding a +0 dagger
              (2 damage)
             ... on level 3 of the Dungeon.
             The game lasted 00:01:57 (1808 turns).

vurker the Skirmisher (Formicid Abyssal Knight)     Turns: 1808, Time: 00:01:58

Health: -1/30      AC:  5    Str: 17    XL:     3   Next: 32%
Magic:  5/5        EV: 10    Int: 11    God:    Lugonu [*.....]
Gold:   100        SH:  0    Dex: 10    Spells: 2/2 levels left

rFire    . . .     SeeInvis +   a - +1 hand axe
rCold    . . .     Gourm    .   (no shield)
rNeg     . . .     Faith    .   h - +0 ring mail
rPois    .         Spirit   .   (helmet unavailable)
rElec    .         Reflect  .   (no cloak)
rCorr    +         Harm     .   (no gloves)
MR       .....                  (no boots)
Stlth    ..........             n - amulet of magic regeneration
HPRegen  0.10/turn              c - ring of resist corrosion
MPRegen  0.34/turn              (no ring)

@: no status effects
A: permanent stasis, dig shafts and tunnels, four strong arms, antennae 3
a: Dig, Shaft Self, Depart the Abyss, Renounce Religion


You were on level 3 of the Dungeon.
You worshipped Lugonu.
Lugonu was aware of your devotion.
You were hungry.

You visited 1 branch of the dungeon, and saw 3 of its levels.
You visited the Abyss 1 time.

You collected 100 gold pieces.

Inventory:

Hand Weapons
 a - a +1 hand axe (weapon)
Armour
 h - a +0 ring mail (worn)
   (You found it on level 1 of the Dungeon)
Jewellery
 c - a ring of resist corrosion (left hand)
   (You found it on level 1 of the Dungeon)
 n - an amulet of magic regeneration (around neck)
   (You found it on level 2 of the Dungeon)
Scrolls
 b - 5 scrolls of identify {unknown}
 d - a scroll of enchant armour {unknown}
 g - a scroll of immolation {unknown}
 j - a scroll of enchant weapon {unknown}
 m - a scroll of teleportation {unknown}
Potions
 i - a potion of flight {unknown}
 k - a potion of curing {unknown}
 l - a potion of brilliance {unknown}
Comestibles
 e - 8 rations


   Skills:
 + Level 3.6 Fighting
 * Level 2.9 Axes
 - Level 2.1 Armour
 - Level 0.8 Dodging
 + Level 2.7 Invocations


You had 2 spell levels left.
You didn't know any spells.
Your spell library was empty.

Dungeon Overview and Level Annotations

Branches:
Dungeon (3/15)

Altars:


Innate Abilities, Weirdness & Mutations

You cannot be hasted, slowed, berserked, paralysed or teleported.
You can dig through walls and to a lower floor.
Your four strong arms can wield two-handed weapons with a shield.
You have a pair of large antennae on your head. (SInv)


Message History

The orc wizard shouts!
You hit the orc but do no damage. The orc completely misses you.
You barely miss the orc. The orc barely misses you. The orc hits you.
You hit the orc but do no damage. You hit the orc wizard.
The orc wizard hits you but does no damage.
The orc closely misses you.
You hit the orc but do no damage. You closely miss the orc wizard.
The orc wizard gestures at you while chanting.
The puff of frost hits you!
* * * LOW HITPOINT WARNING * * *
The orc barely misses you.
You barely miss the orc wizard.
Your ring mail prevents you from hitting the orc.
The orc wizard hits you with a +0 dagger.
* * * LOW HITPOINT WARNING * * *
The orc hits you but does no damage. The orc wizard closely misses you.
You hit the orc wizard but do no damage.
You hit the orc but do no damage. The orc hits you.
* * * LOW HITPOINT WARNING * * *
The orc wizard barely misses you.
You barely miss the orc wizard. You hit the orc but do no damage.
The orc hits you.
* * * LOW HITPOINT WARNING * * *
The orc wizard barely misses you.
You closely miss the orc wizard. You hit the orc. The orc barely misses you.
The orc wizard hits you with a +0 dagger.
* * * LOW HITPOINT WARNING * * *
The orc barely misses you.
You hit the orc wizard. You hit the orc but do no damage.
The orc wizard hits you but does no damage.
The orc barely misses you.
You closely miss the orc wizard. You hit the orc.
The orc wizard barely misses you. The orc hits you but does no damage.
You slash the orc wizard! You hit the orc but do no damage.
The orc wizard mumbles some strange words.
The orc wizard seems to speed up.
The orc misses you.
You hear a shout!
You barely miss the orc wizard. You barely miss the orc.
The orc wizard gestures wildly while chanting.
The orc wizard flickers and vanishes for a moment.
The orc wizard hits you but does no damage.
The orc misses you.
You hit the orc wizard. You hit the orc.
The orc wizard points at you and mumbles some strange words.
The puff of frost hits you.
* * * LOW HITPOINT WARNING * * *
The orc hits you but does no damage.
An orc wizard comes into view. It is wielding a +0 dagger.
The orc wizard hits you with a +0 dagger.
You die...

..# #.#
#.# #.#
#.# ###
#o# ....
#o#
.....##@#
...o..o>##
.........#
....?###.#
..... #.#
.... #.#
... #.#
... #.#
#.#


You could see 2 orc wizards and 2 orcs.

Vanquished Creatures
  A dart slug (D:2)
  An orc (D:3)
  A giant cockroach (D:2)
  7 goblins
  2 hobgoblins
  2 bats (D:1)
  2 frilled lizards (D:1)
  4 kobolds (D:2)
  5 rats
25 creatures vanquished.

Notes
Turn   | Place    | Note
-------+----------+-------------------------------------------
     0 | Abyss:1  | vurker the Formicid Abyssal Knight began the quest for the
                  | Orb.
     0 | Abyss:1  | Reached XP level 1. HP: 18/18 MP: 2/2
    49 | Abyss:1  | Noticed a starcursed mass
    76 | D:1      | Escaped the Abyss
   471 | D:1      | Reached XP level 2. HP: 24/24 MP: 3/3
  1030 | D:2      | Reached * piety under Lugonu
  1031 | D:2      | Reached XP level 3. HP: 28/29 MP: 4/4
  1808 | D:3      | HP: 1/30 [orc wizard/puff of frost (5)]
  1808 | D:3      | Slain by an orc wizard

Levels and vault maps discovered:
D:1:      onia_arrival_mini_maze_b, layout_rooms, minmay_box_of_dots
D:2:      layout_basic, first_ration
D:3:      layout_basic, minmay_misc_feat_tiny, corexii_hall_statues_i,
          minmay_misc_feat_encased, roderic_batcave,
          hangedman_abyss_or_decor_stabs

Action                   || total
-------------------------++-------
Melee: Hand axe          ||    80
Invok: Depart the Abyss  ||     1
  Eat: Chunk             ||     2
Armor: Leather armour    ||     2
       Ring mail         ||    16
Dodge: Dodged            ||    54

Table legend:
 A = Non-vault XP
 B = Vault XP
 C = Vault XP percentage of total XP
 D = Non-vault monster count
 E = Vault monster count
 F = Vault count percentage of total count
                 A         B        C        D         E       F
            +---------+---------+-------+---------+---------+-------
      Total |      37 |       5 |  11.9 |      22 |       3 |  12.0
            +---------+---------+-------+---------+---------+-------
        D:1 |      13 |       5 |  27.8 |       8 |       3 |  27.3
        D:2 |      21 |       0 |   0.0 |      13 |       0 |   0.0
        D:3 |       3 |       0 |   0.0 |       1 |       0 |   0.0
            +---------+---------+-------+---------+---------+-------
